 Seeded DCSS version 0.29.1-13-g9f3cf754e1 (webtiles) character file.

Game seed: 1 (custom seed)

344552 Kazon the Victor of a Thousand Battles (level 21, -11/168 HPs)
             Began as a Demonspawn Fighter on Feb 2, 2023.
             Was the Champion of Okawaru.
             Mangled by an orc warlord
             ... wielding a +6 great sword of electrocution
              (60 damage)
             ... on level 2 of the Vaults on Feb 3, 2023.
             The game lasted 04:46:27 (32844 turns).

Kazon the Victor of a Thousand Battles (DsFi)      Turns: 32844, Time: 04:46:28

Health: -11/168    AC: 18    Str: 24    XL:     21   Next: 15%
Magic:  33/35      EV: 29    Int:  7    God:    Okawaru [******]
Gold:   4017       SH: 19    Dex: 33    Spells: 20/20 levels left

rFire   + + +      SeeInvis +   e - +7 captain's cutlass {speed, disarm}
rCold   + . .      Faith    .   c - +1 kite shield {reflect}
rNeg    . . .      Spirit   .   C - +6 scale mail "Voetobuo" {Int-3 Dex+8}
rPois   +          Reflect  +   h - +0 mask of the Dragon {Will+ Slay+3 SInv}
rElec   .          Harm     .   Q - scarf {rC+ rF+}
rCorr   +          Rampage  .   (gloves unavailable)
Will    ++...                   Y - +0 pair of boots of Tyarghei {Fly Regen+ Int-3}
Stlth   ++++++....              D - amulet "Odemouw" {Contam rPois rF+++ Regen+ Stlth+}
HPRegen 1.98/turn               n - +6 ring of strength
MPRegen 0.24/turn               z - +6 ring of dexterity

@: heroic, flying, studying Dodging
A: claws 3, yellow scales 3, powered by death 2, spiny 3, deformed body,
mutation resistance 1
}: 2/15 runes: barnacled, gossamer
a: Renounce Religion, Heroism, Finesse, Duel


You were on level 2 of the Vaults.
You worshipped Okawaru.
Okawaru was exalted by your worship.
You visited 8 branches of the dungeon, and saw 37 of its levels.
You visited the Abyss 1 time.
You also visited: Gauntlet and Desolation.

You collected 6428 gold pieces.
You spent 2411 gold pieces at shops.

Inventory:

Hand Weapons
 e - the +7 captain's cutlass (weapon) {speed, disarm}
   (You found it in the Desolation of Salt)

   Attacks with this weapon are significantly faster.
   It may disarm weapon-wielding foes when striking them, dealing extra damage
   in the process.
 f - the +2 Maxwell's thermic engine {flame, freeze}
   (You found it on level 1 of the Lair of Beasts)

   It burns those it strikes, dealing additional fire damage.
   Big, fiery blades are also staple armaments of hydra-hunters.
   It freezes those it strikes, dealing additional cold damage.
   It can also slow down cold-blooded creatures.
   It becomes more effective when it hits something.
   This effect fades over time.
 i - the +8 arbalest "Luefib" {freeze, Will+ Stlth+}
   (You took it off a ragged hierophant in the Desolation of Salt)

   Any ammunition fired from it freezes those it strikes, dealing additional
   cold damage.
   It can also slow down cold-blooded creatures.
   Will:      It increases your willpower.
   Stlth:     It makes you more stealthy.
 s - the +7 demon blade "Tuuzit" {flame, rPois rF+ rN+ Int+4}
   (Okawaru gifted it to you on level 13 of the Dungeon)

   It burns those it strikes, dealing additional fire damage.
   Big, fiery blades are also staple armaments of hydra-hunters.
   Int:       It affects your intelligence (+4).
   rF:        It protects you from fire.
   rPois:     It protects you from poison.
   rN:        It protects you from negative energy.
Missiles
 q - 3 throwing nets
 r - 35 boomerangs (quivered)
 A - 4 curare-tipped darts
 F - 4 datura-tipped darts
 K - 20 javelins
 N - 4 atropa-tipped darts
 V - 9 silver javelins
Armour
 c - a +1 kite shield of reflection (worn)
 h - the +0 mask of the Dragon (worn) {Will+ Slay+3 SInv}
   (You bought it in a shop on level 3 of the Elven Halls)

   Slay:      It affects your accuracy & damage with ranged weapons and melee
   (+3).
   SInv:      It lets you see invisible.
   Will:      It increases your willpower.
 C - the +6 scale mail "Voetobuo" (worn) {Int-3 Dex+8}
   (You found it on level 14 of the Dungeon)

   Int:       It affects your intelligence (-3).
   Dex:       It affects your dexterity (+8).
 Q - a scarf of resistance (worn)
 Y - the +0 pair of boots of Tyarghei (worn) {Fly Regen+ Int-3}
   (Okawaru gifted it to you on level 4 of the Spider Nest)

   Int:       It affects your intelligence (-3).
   Fly:       It grants you flight.
   Regen:     It increases your rate of health regeneration.
Jewellery
 k - a ring of positive energy
 n - a +6 ring of strength (left claw)
 x - the ring "Xacius" {rPois rC+ Will+ Stlth-}
   (You found it in the Desolation of Salt)

   [ring of protection from cold]

   rC:        It protects you from cold.
   rPois:     It protects you from poison.
   Will:      It increases your willpower.
   Stlth:     It makes you less stealthy.
 z - a +6 ring of dexterity (right claw)
 D - the amulet "Odemouw" (around neck) {Contam rPois rF+++ Regen+ Stlth+}
   (You bought it in a shop on level 8 of the Dungeon)

   [amulet of regeneration]

   rF:        It renders you almost immune to fire.
   rPois:     It protects you from poison.
   Contam:    It causes magical contamination when unequipped.
   Regen:     It increases your rate of health regeneration.
   Stlth:     It makes you more stealthy.
 W - a ring of positive energy
Wands
 j - a wand of polymorph (5)
 B - a wand of mindburst (36)
 I - a wand of paralysis (28)
 J - a wand of roots (25)
 P - a wand of flame (12)
 S - a wand of acid (4)
Scrolls
 o - 4 scrolls of immolation
 p - 3 scrolls of poison
 t - 8 scrolls of fog
 y - 11 scrolls of teleportation
 E - a scroll of blinking
 G - 4 scrolls of fear
 L - a scroll of magic mapping
 X - 2 scrolls of silence
Potions
 a - 8 potions of ambrosia
 b - 4 potions of berserk rage
 d - 7 potions of might
 g - 10 potions of haste
 l - 3 potions of resistance
 m - 5 potions of cancellation
 u - 7 potions of heal wounds
 w - 13 potions of lignification
 H - 14 potions of curing
 R - 2 potions of invisibility
Miscellaneous
 v - a tin of tremorstones (2/2)
 M - a condenser vane
 T - a phial of floods (inert)
 Z - a lightning rod (4/4)


   Skills:
 + Level 15.0(20.0) Fighting
 + Level 7.0(17.3) Short Blades
 + Level 15.7(21.2) Long Blades
 + Level 12.7(17.7) Throwing
 + Level 8.8(13.8) Armour
 * Level 12.6(17.6) Dodging
 + Level 9.2(14.2) Stealth
 + Level 11.5(16.5) Shields
 * Level 21.6 Invocations
 * Level 17.6 Evocations


You had 20 spell levels left.
You didn't know any spells.
Your spell library contained the following spells:

 Spells                   Type           Power      Damage    Failure   Level
 Apportation              Tloc           0%         N/A       83%         1
 Beastly Appendage        Tmut           0%         N/A       83%         1
 Magic Dart               Conj           0%         1d3       83%         1
 Necrotise                Necr           0%         1d4       83%         1
 Sandblast                Erth           0%         2d4       83%         1
 Shock                    Conj/Air       0%         1d3       83%         1
 Slow                     Hex            0%         N/A       83%         1
 Sting                    Tmut/Pois      0%         1d3       83%         1
 Poisonous Vapours        Pois/Air       0%         N/A       92%         2
 Scorch                   Fire           0%         2d5       92%         2
 Searing Ray              Conj           0%         2d4       92%         2
 Static Discharge         Conj/Air       0%         3-3/arc   92%         2
 Confusing Touch          Hex            0%         N/A       99%         3
 Dazzling Flash           Conj/Hex       0%         N/A       99%         3
 Mephitic Cloud           Conj/Pois/Air  0%         N/A       99%         3
 Ozocubu's Armour         Ice            0%         N/A       99%         3
 Swiftness                Air            0%         N/A       99%         3
 Vampiric Draining        Necr           0%         2d6       99%         3
 Airstrike                Air            0%         2d(0-16)  100%        4
 Cause Fear               Hex            0%         N/A       100%        4
 Corpse Rot               Necr/Pois/Air  0%         N/A       100%        4
 Dispel Undead            Necr           0%         3d6       100%        4
 Flame Wave               Conj/Fire      0%         2d4       100%        4
 Ice Form                 Ice/Tmut       0%         N/A       100%        4
 Iskenderun's Mystic Bla  Conj/Tloc      0%         2d3       100%        4
 Leda's Liquefaction      Hex/Erth       0%         N/A       100%        4
 Olgreb's Toxic Radiance  Pois           0%         N/A       100%        4
 Passage of Golubria      Tloc           0%         N/A       100%        4
 Sticky Flame             Conj/Fire      0%         2d3       100%        4
 Agony                    Necr           0%         N/A       100%        5
 Alistair's Intoxication  Tmut/Pois      0%         N/A       100%        5
 Blade Hands              Tmut           0%         N/A       100%        5
 Borgnjor's Vile Clutch   Necr/Erth      0%         N/A       100%        5
 Fireball                 Conj/Fire      0%         3d3       100%        5
 Irradiate                Conj/Tmut      0%         3d11      100%        5
 Iskenderun's Battlesphe  Conj           0%         2d6       100%        5
 Metabolic Englaciation   Hex/Ice        0%         N/A       100%        5
 Silence                  Hex/Air        0%         N/A       100%        5
 Yara's Violent Unravell  Hex/Tmut       0%         3d3       100%        5
 Conjure Ball Lightning   Conj/Air       0%         3x3d6     100%        6
 Dispersal                Tloc           0%         N/A       100%        6
 Eringya's Noxious Bog    Tmut/Pois      0%         N/A       100%        6
 Iron Shot                Conj/Erth      0%         9d1       100%        6
 Starburst                Conj/Fire      0%         6d3       100%        6
 Statue Form              Tmut/Erth      0%         N/A       100%        6
 Dragon Form              Tmut           0%         N/A       100%        7
 Enfeeble                 Hex            0%         N/A       100%        7
 Orb of Destruction       Conj           0%         9d5       100%        7
 Ozocubu's Refrigeration  Ice            0%         4d7       100%        7
 Discord                  Hex            0%         N/A       100%        8
 Disjunction              Tloc           0%         N/A       100%        8
 Ignition                 Fire           0%         3d3       100%        8
 Lehudib's Crystal Spear  Conj/Erth      0%         10d2      100%        8
 Summon Small Mammal      Summ           Unusable   N/A       N/A         1
 Call Imp                 Summ           Unusable   N/A       N/A         2
 Animate Armour           Summ/Erth      Unusable   N/A       N/A         4
 Animate Dead             Necr           Unusable   N/A       N/A         4
 Summon Forest            Summ/Tloc      Unusable   N/A       N/A         5
 Death Channel            Necr           Unusable   N/A       N/A         6
 Simulacrum               Ice/Necr       Unusable   N/A       N/A         6
 Summon Cactus Giant      Summ           Unusable   N/A       N/A         6
 Summon Hydra             Summ           Unusable   N/A       N/A         7
 Dragon's Call            Summ           Unusable   N/A       N/A         9

Dungeon Overview and Level Annotations

Branches:
Dungeon (15/15)            Temple (1/1) D:7            Lair (5/5) D:10
 Shoals (4/4) Lair:3       Spider (4/4) Lair:3        Slime (0/5) Lair:4
    Orc (2/2) D:12            Elf (3/3) Orc:2        Vaults (3/5) D:13
  Crypt (0/3) Vaults:3     Depths (0/4) D:15        Desolation (visited)
Gauntlet (visited)

Altars:
Ashenzari
Dithmenos
Gozag
Hepliaklqana
Kikubaaqudgha
Makhleb
Nemelex Xobeh
Okawaru
Uskayaw
Xom
Jiyva

Shops:
D:3 (   D:8 ?(==   D:10 :   D:13 !   Orc:2 ([*=   Elf:2 [?!?   Elf:3 [(
Vaults:1 !   Vaults:3 (

Annotations:
D:14 3 runed translucent doors, Ehaok's ghost, journeyman DsGl
Shoals:4 1 runed translucent door, stormannn's ghost, adept GnFi
Spider:4 Mara
Elf:2 2 transporters, Ydghunti's ghost, journeyman MiGl


Innate Abilities, Weirdness & Mutations

You have claws for hands.
You are completely covered in yellow scales. (AC +4, rCorr)
You regenerate health from kills.
You are completely covered in sharp spines.
Armour fits poorly on your strangely shaped body.
You are somewhat resistant to further mutation.


Message History

You block the orc warlord's attack.
You completely miss the orc warlord.
The orc warlord is moderately wounded.
The orc knight barely misses you.
You puncture the orc warlord!
The orc warlord is heavily wounded.
You puncture the orc warlord!
The orc warlord is heavily wounded.
You puncture the orc warlord!
The orc warlord is severely wounded.
You hit the orc knight.
The orc knight is lightly wounded.
You hit the orc warlord.
The orc warlord is severely wounded.
You block the orc knight's attack. You block the orc warlord's attack.
You impale the orc warlord!!
The orc warlord is almost dead.
The orc knight barely misses you.
The orc knight attacks as you move away!
You block the orc knight's attack.
The orc warlord hits you with a +6 great sword of electrocution!!!
You are electrocuted!
You puncture the orc warlord!
The orc warlord is almost dead.
You block the orc knight's attack.
The orc warlord hits you with a +6 great sword of electrocution!!
You are electrocuted!!
The orc warlord attacks as you move away!
The orc warlord hits you with a +6 great sword of electrocution!!!
* * * LOW HITPOINT WARNING * * *
You are electrocuted!
* * * LOW HITPOINT WARNING * * *
Unknown command.
Okay, then.
You feel much better. The orc knight misses you.
You gain the combat prowess of a mighty hero.
The orc knight no longer looks unusually strong.
The orc knight misses you.
The orc warlord hits you with a +6 great sword of electrocution!!!
You die...

#..........'.)...###....#....##
#..........####..# ###########
#..##..##..#.....#
#.###..###.#.#.#.#
####.)^.####.....# #......#
#..#### ######## #.....#
#.....# #..@o.# ####o.# #.....#
#..#..# #.~~~~# ##'''## #~~~~
#~~~~~ #~~##~.


You could see an orc warlord (strong, waterlogged) and an orc knight
(waterlogged).

Vanquished Creatures
  A dread lich (Abyss:3)
  Nikola (Elf:2)
  2 deep elf blademasters
  Asterion (Elf:3)
  Rupert (D:12)
  A deep elf master archer (Elf:3)
  2 tentacled starspawn
  Donald (Orc:2)
  Roxanne (D:15)
  Agnes (Elf:1)
  A fenstrider witch (Desolation)
  6 emperor scorpions
  A vault warden (Vaults:1)
  4 ghost moths
  3 deep elf sorcerers (Elf:3)
  The ghost of Kazon the Carver, a journeyman DrFi of Okawaru (Orc:2)
  Louise (Elf:3)
  An imperial myrmidon (Desolation)
  An orc warlord (Orc:2)
  A deep elf elementalist (Elf:3)
  4 ironbound preservers (Vaults:1)
  2 angels (Vaults:3)
  9 very ugly things
  3 broodmothers
  5 deep elf demonologists
  Nessos (D:12)
  2 ironbound thunderhulks
  3 spark wasps
  Snorg (D:14)
  A minotaur (Gauntlet)
  2 halazid warlocks (Desolation)
  12 dire elephants
  Azrael (D:13)
  4 deep elf annihilators (Elf:3)
  3 entropy weavers
  2 deep elf death magi (Elf:3)
  6 merfolk impalers
  2 crystal guardians (Desolation)
  7 merfolk javelineers (Shoals:4)
  6 ragged hierophants (Desolation)
  2 deep elf high priests (Elf:3)
  A fire dragon (D:13)
  4 hydras
  4 great orbs of eyes
  7 servants of whispers (Desolation)
  3 yaktaur captains (Vaults:1)
  5 boulder beetles
  Fannar (Lair:2)
  5 peacekeepers (Desolation)
  Erolcha (D:10)
  4 catoblepae
  3 vault guards
  A ghost crab (Gauntlet)
  3 merfolk avatars
  An alligator snapping turtle (Shoals:4)
  9 centaur warriors
  5 ironbound frosthearts (Vaults:1)
  A jorogumo (Spider:4)
  A death knight (D:14)
  3 two-headed ogres
  29 dancing weapons
  4 merfolk aquamancers
  4 satyrs
  A tengu warrior (D:15)
  10 death yaks
  3 orc high priests (Orc:2)
  8 death scarabs (Spider:4)
  2 spectral emperor scorpions (Spider:4)
  Urug (Orc:1)
  17 deep elf knights
  13 pharaoh ants
  5 skeletal warriors
  A fire crab (D:13)
  3 sixfirhies (Gauntlet)
  A sun moth (Spider:1)
  Lodul (D:12)
  8 steelbarb worms
  17 deep trolls
  12 sea snakes
  7 spectral wolf spiders
  8 orb spiders
  7 ironbound convokers
  3 wizards
  3 spriggan simulacra (D:14)
  9 deep elf archers
  A swamp dragon (Vaults:3)
  3 lindwurms
  24 deep elf zephyrmancers
  4 orc knights
  8 wolf spider zombies
  30 harpies
  6 orc sorcerers
  A broodmother zombie (Spider:4)
  22 wolf spiders
  6 cyclopes
  A salamander (Vaults:1)
  30 deep elf pyromancers
  12 fauns
  34 ugly things
  5 elephants (Lair:4)
  20 manticores
  10 merfolk sirens
  3 moths of wrath
  8 vault sentinels
  3 guardian serpents (Desolation)
  5 black mambas
  A smoke demon (Abyss:2)
  11 cane toads
  8 torpor snails
  Maggie (D:6)
  4 rime drakes
  3 unseen horrors
  6 water nymphs
  A rime drake (shapeshifter) (D:15)
  7 yaktaurs
  4 kobold demonologists (D:11)
  15 komodo dragons
  3 spectral redbacks (Spider:4)
  14 demonic crawlers
  3 freezing wraiths
  A tengu conjurer (D:12)
  2 efreet
  3 redback zombies (Spider:4)
  2 queen bees (shapeshifter) (Elf:1)
  5 trolls
  9 meliai (Spider:4)
  22 merfolk
  Prince Ribbit (D:9)
  A silent spectre (Abyss:2)
  A meliai (shapeshifter) (D:13)
  A queen bee (Spider:4)
  25 tarantellas
  An ancient zyme (Abyss:2)
  A spectral culicivora (Spider:4)
  2 spectral jumping spiders (Spider:4)
  8 wind drakes
  A polar bear (Lair:4)
  2 jumping spider zombies (Spider:4)
  2 tarantella zombies (Spider:4)
  2 wolf spider simulacra (Spider:1)
  53 saltlings (Desolation)
  A raiju (Abyss:2)
  A hornet (Vaults:1)
  11 dream sheep
  17 blink frogs
  22 slime creatures
  A culicivora zombie (Spider:4)
  11 snapping turtles
  32 jumping spiders
  2 shadows
  2 vampires
  2 air elementals (Elf:3)
  3 fire elementals
  63 yaks
  30 culicivoras
  A culicivora (shapeshifter) (Vaults:2)
  2 wraiths (D:12)
  A ynoxinul (Abyss:2)
  14 water elementals
  5 wyverns
  6 basilisks
  Eustachio (D:5)
  50 redbacks
  2 steam dragons
  2 neqoxecs (Abyss:2)
  6 vampire mosquitoes
  3 minotaur simulacra (D:14)
  Menkaure (D:5)
  Edmund (D:6)
  2 wargs (Orc:1)
  2 acid dragons
  16 water moccasins
  2 hell hounds (D:13)
  36 orc warriors
  An ice beast (D:8)
  5 sky beasts
  4 starcursed masses (Abyss:2)
  2 black bears (D:6)
  5 centaurs
  11 ogres
  A wolf (D:10)
  2 phantoms (D:6)
  3 kobold brigands
  2 earth elementals
  3 necrophages
  6 bullfrogs
  2 deep troll simulacra (D:14)
  2 small abominations (Abyss:2)
  A gnoll sergeant (D:7)
  10 scorpions
  21 wights
  18 killer bees
  3 electric eels
  A howler monkey (D:5)
  2 jellies (D:6)
  6 hounds
  31 orc priests
  2 gnoll boudas
  6 iguanas
  31 orc wizards
  4 hell rats (Lair:3)
  Robin (D:3)
  18 gnolls
  13 adders
  3 shadow imps
  2 white imps (D:7)
  An ufetubus (D:5)
  4 worms
  94 orcs
  11 endoplasms
  3 giant cockroaches
  16 goblins
  9 hobgoblins
  A jackal (D:4)
  27 kobolds
  2 quokkas
  5 ball pythons
  4 bats
  3 frilled lizards
  6 rats
1570 creatures vanquished.

Vanquished Creatures (collateral kills)
  An orc warlord (Vaults:1)
1 creature vanquished.

Vanquished Creatures (others)
  A deep elf master archer (Elf:3)
  2 dancing weapons (Elf:2)
  A deep elf knight (Elf:2)
  A harpy (Shoals:4)
  A deep elf zephyrmancer (Elf:2)
  2 merfolk (Shoals:4)
  A saltling (Desolation)
  2 centaur simulacra (D:14)
  An air elemental (Elf:2)
  A golden eye (shapeshifter) (D:14)
  A killer bee (Spider:4)
  An orc (Orc:2)
  18 fungi
  41 plants
  4 starspawn tentacles
78 creatures vanquished.

Grand Total: 1649 creatures vanquished

Notes
Turn   | Place    | Note
-------+----------+-------------------------------------------
     0 | D:1      | Kazon the Demonspawn Fighter began the quest for the Orb.
     0 | D:1      | Reached XP level 1. HP: 18/18 MP: 1/1
    34 | D:1      | Identified a scroll of acquirement
    34 | D:1      | Acquired the +3 pair of gauntlets of War {Slay+5}
    34 | D:1      | Found the +3 pair of gauntlets of War {Slay+5}
   301 | D:1      | Gained mutation: You are partially covered in sharp spines.
                  | [demonic ancestry]
   301 | D:1      | Reached XP level 2. HP: 24/24 MP: 2/2
   937 | D:2      | Gained mutation: You regenerate a little health from kills.
                  | [demonic ancestry]
   937 | D:2      | Reached XP level 3. HP: 29/29 MP: 3/3
  1141 | D:2      | Reached XP level 4. HP: 35/35 MP: 4/4
  1402 | D:3      | Found Umat's Antique Weapon Boutique.
  1430 | D:3      | Bought a crude falchion for 184 gold pieces
  1430 | D:3      | Identified the +3 falchion of Winter {venom, rCorr} (You
                  | bought it in a shop on level 3 of the Dungeon)
  1584 | D:3      | Noticed Robin
  1591 | D:3      | Killed Robin
  1621 | D:3      | Reached skill level 1 in Stealth
  1623 | D:3      | Reached XP level 5. HP: 41/41 MP: 5/5
  1848 | D:3      | Reached skill level 5 in Fighting
  1848 | D:3      | Reached skill level 5 in Long Blades
  1848 | D:3      | Reached skill level 5 in Armour
  1848 | D:3      | Reached XP level 6. HP: 51/51 MP: 6/6
  2475 | D:4      | Gained mutation: You have sharp fingernails. [demonic
                  | ancestry]
  2475 | D:4      | Reached XP level 7. HP: 56/56 MP: 7/7
  2755 | D:4      | Found a hazy altar of Hepliaklqana.
  2822 | D:5      | Entered Level 5 of the Dungeon
  2863 | D:5      | Noticed Menkaure
  2878 | D:5      | Killed Menkaure
  2879 | D:5      | Reached skill level 5 in Shields
  3031 | D:5      | Gained mutation: You have very sharp fingernails. [demonic
                  | ancestry]
  3031 | D:5      | Reached XP level 8. HP: 63/64 MP: 8/8
  3046 | D:5      | Noticed Eustachio
  3082 | D:5      | Killed Eustachio
  3083 | D:5      | Reached skill level 1 in Evocations
  3806 | D:7      | Found a staircase to the Ecumenical Temple.
  3821 | Temple   | Entered the Ecumenical Temple
  3828 | Temple   | Became a worshipper of Warmaster Okawaru
  3855 | D:7      | Reached skill level 1 in Invocations
  3871 | D:7      | Found a hide-covered altar of Uskayaw.
  3934 | D:6      | Gained mutation: You are mostly covered in sharp spines.
                  | [demonic ancestry]
  3934 | D:6      | Reached XP level 9. HP: 68/69 MP: 8/10
  3960 | D:6      | Reached skill level 2 in Invocations
  3995 | D:6      | Reached * piety under Okawaru
  4039 | D:6      | Noticed Edmund
  4047 | D:6      | Killed Edmund
  4119 | D:6      | Reached ** piety under Okawaru
  4176 | D:6      | Noticed Maggie
  4196 | D:6      | Killed Maggie
  4197 | D:6      | Reached skill level 3 in Invocations
  4707 | D:7      | Gained mutation: You are partially covered in yellow
                  | scales. (AC +2) [demonic ancestry]
  4707 | D:7      | Reached XP level 10. HP: 76/76 MP: 12/12
  4829 | D:7      | Reached *** piety under Okawaru
  4889 | D:7      | Reached skill level 5 in Short Blades
  5170 | D:8      | Found Quzidd's Magic Scroll Emporium.
  5175 | D:8      | Bought a scroll of teleportation for 42 gold pieces
  5270 | D:8      | Found Zoxtaeshakh's Jewellery Boutique.
  5333 | D:8      | Found Heidghoki's Jewellery Shop.
  5395 | D:8      | Reached skill level 4 in Invocations
  5502 | D:8      | Found Esumer's Weapon Shop.
  6079 | D:9      | Reached **** piety under Okawaru
  6151 | D:9      | Received a gift from Okawaru
  6194 | D:9      | Noticed Prince Ribbit
  6209 | D:9      | Killed Prince Ribbit
  6210 | D:9      | Reached skill level 5 in Invocations
  6423 | D:9      | Noticed a two-headed ogre
  6434 | D:9      | Killed a two-headed ogre
  6434 | D:9      | Received a gift from Okawaru
  6435 | D:9      | Reached skill level 5 in Dodging
  6492 | D:10     | Entered Level 10 of the Dungeon
  6576 | D:10     | Found a staircase to the Lair.
  6630 | D:10     | Gained mutation: You are mostly covered in yellow scales.
                  | (AC +3) [demonic ancestry]
  6630 | D:10     | Reached XP level 11. HP: 73/83 MP: 15/15
  6648 | D:10     | Noticed Erolcha
  6664 | D:10     | Killed Erolcha
  6664 | D:10     | Reached ***** piety under Okawaru
  6665 | D:10     | Reached skill level 5 in Throwing
  6688 | D:10     | Identified the +5 long sword of the Land of Plenty {drain,
                  | Dex+3}
  6693 | D:10     | Found Juagoaq's Book Shoppe.
  6791 | D:10     | Reached skill level 6 in Invocations
  7034 | D:10     | Identified the +8 quarterstaff "Dykhiv" {drain, rF- Will+
                  | rCorr} (Okawaru gifted it to you on level 10 of the
                  | Dungeon)
  7034 | D:10     | Received a gift from Okawaru
  7332 | D:10     | Reached skill level 5 in Evocations
  7498 | D:11     | Noticed a green ugly thing
  7506 | D:11     | Killed a green ugly thing
  7611 | D:11     | Reached skill level 7 in Invocations
  8275 | D:12     | Received a gift from Okawaru
  8329 | D:12     | Noticed Lodul
  8340 | D:12     | Killed Lodul
  8349 | D:12     | Reached XP level 12. HP: 91/91 MP: 17/17
  8390 | D:12     | Noticed Nessos
  8402 | D:12     | Killed Nessos
  8403 | D:12     | Reached skill level 5 in Stealth
  8549 | D:8      | Bought the amulet "Odemouw" {Contam rPois rF+++ Regen+
                  | Stlth+} for 734 gold pieces
  8619 | Lair:1   | Entered Level 1 of the Lair of Beasts
  8643 | Lair:1   | Reached skill level 8 in Invocations
  8714 | Lair:1   | Found the +2 Maxwell's thermic engine {flame, freeze}
  9242 | Lair:2   | Received a gift from Okawaru
  9347 | Lair:2   | Received a gift from Okawaru
  9363 | Lair:2   | Noticed Fannar
  9365 | Lair:2   | Noticed a catoblepas
  9377 | Lair:2   | Killed a catoblepas
  9385 | Lair:2   | Killed Fannar
  9386 | Lair:2   | Reached skill level 9 in Invocations
 10146 | Lair:3   | Found a hole to the Spider Nest.
 10354 | Lair:3   | Found a staircase to the Shoals.
 10398 | Lair:3   | Noticed a death yak
 10400 | Lair:3   | Noticed a death yak
 10400 | Lair:3   | Noticed a death yak
 10403 | Lair:3   | Noticed a death yak
 10404 | Lair:3   | Killed a death yak
 10405 | Lair:3   | Reached XP level 13. HP: 85/98 MP: 19/19
 10421 | Lair:3   | Reached skill level 10 in Long Blades
 10611 | Lair:3   | Found an ancient bone altar of Kikubaaqudgha.
 10841 | Lair:4   | Reached ****** piety under Okawaru
 10864 | Lair:4   | Received a gift from Okawaru
 10874 | Lair:4   | Received a gift from Okawaru
 10915 | Lair:4   | Reached skill level 10 in Invocations
 10920 | Lair:4   | Found a staircase to the Slime Pits.
 10921 | Lair:4   | Found a viscous altar of Jiyva.
 11062 | Lair:4   | Identified the +3 battleaxe "Adididghufym" {antimagic, rF+
                  | Will+}
 11462 | Lair:5   | Entered Level 5 of the Lair of Beasts
 11604 | Lair:5   | Identified the +3 great sword "Teonlum" {vorpal, *Slow rC+
                  | Will++ Str+3} (Okawaru gifted it to you on level 5 of the
                  | Lair of Beasts)
 11604 | Lair:5   | Received a gift from Okawaru
 12528 | Lair:5   | Gained mutation: You regenerate health from kills. [demonic
                  | ancestry]
 12528 | Lair:5   | Reached XP level 14. HP: 103/108 MP: 22/22
 12538 | Lair:5   | Received a gift from Okawaru
 12552 | Lair:5   | Reached skill level 11 in Invocations
 12562 | Lair:5   | Received a gift from Okawaru
 12911 | Spider:1 | Entered Level 1 of the Spider Nest
 12953 | Spider:1 | Reached skill level 10 in Fighting
 13098 | Spider:1 | Received a gift from Okawaru
 13191 | Spider:1 | Received a gift from Okawaru
 13313 | Spider:1 | Acquired a manual of Invocations
 13354 | Spider:1 | Noticed a ghost moth
 13375 | Spider:1 | Killed a ghost moth
 13521 | Spider:1 | You are sucked into a shaft and drop 1 floor!
 13693 | Spider:1 | Noticed an emperor scorpion
 13707 | Spider:1 | Killed an emperor scorpion
 13771 | Spider:1 | Reached skill level 12 in Invocations
 14002 | Spider:1 | Noticed a broodmother
 14031 | Spider:1 | Killed a broodmother
 14180 | Spider:1 | Reached XP level 15. HP: 118/119 MP: 24/24
 14493 | Spider:2 | Noticed an emperor scorpion
 14501 | Spider:2 | Received a gift from Okawaru
 14540 | Spider:2 | Killed an emperor scorpion
 14828 | Spider:2 | Reached skill level 13 in Invocations
 15237 | Spider:3 | Reached skill level 10 in Evocations
 15413 | Spider:3 | Noticed an emperor scorpion
 15435 | Spider:3 | Killed an emperor scorpion
 16117 | Spider:3 | Received a gift from Okawaru
 16342 | Spider:4 | Entered Level 4 of the Spider Nest
 16342 | Spider:4 | Noticed Mara
 16433 | Spider:4 | Reached skill level 14 in Invocations
 16520 | Spider:4 | Noticed an emperor scorpion
 16528 | Spider:4 | Killed an emperor scorpion
 16811 | Spider:4 | Reached XP level 16. HP: 103/129 MP: 26/26
 16930 | Spider:4 | Reached skill level 15 in Invocations
 17095 | Spider:4 | Received a gift from Okawaru
 17532 | Spider:4 | Received a gift from Okawaru
 17627 | Spider:4 | Reached skill level 16 in Invocations
 17732 | Spider:4 | Identified the +0 pair of boots of Tyarghei {Fly Regen+
                  | Int-3} (Okawaru gifted it to you on level 4 of the Spider
                  | Nest)
 17732 | Spider:4 | Received a gift from Okawaru
 17840 | Spider:4 | Got a gossamer rune of Zot
 18152 | D:12     | Found a staircase to the Orcish Mines.
 18266 | D:12     | Noticed Rupert
 18279 | D:12     | Killed Rupert
 18704 | D:13     | Noticed Azrael
 18707 | D:13     | Killed Azrael
 18781 | D:13     | Found Ituota Roil's Distillery.
 19076 | D:13     | You are sucked into a shaft and drop 1 floor!
 19125 | D:14     | Noticed Snorg
 19132 | D:14     | Killed Snorg
 19207 | D:14     | Found a frozen archway.
 19285 | D:14     | Reached skill level 17 in Invocations
 19339 | D:14     | Identified the +6 scale mail "Voetobuo" {Int-3 Dex+8}
 19391 | D:14     | Reached XP level 17. HP: 136/136 MP: 29/29
 19608 | D:13     | Found a gate to the Vaults.
 19747 | D:13     | Identified the +7 demon blade "Tuuzit" {flame, rPois rF+
                  | rN+ Int+4} (Okawaru gifted it to you on level 13 of the
                  | Dungeon)
 19747 | D:13     | Received a gift from Okawaru
 19935 | D:14     | Found a runed translucent gate.
 19935 | D:14     | Found a runed translucent gate.
 19936 | D:14     | Found a runed translucent gate.
 19945 | D:14     | Noticed Ehaok's ghost (journeyman DsGl)
 20277 | Orc:1    | Entered Level 1 of the Orcish Mines
 20288 | Orc:1    | Noticed Urug
 20299 | Orc:1    | Killed Urug
 20664 | Orc:2    | Entered Level 2 of the Orcish Mines
 20684 | Orc:2    | Found a staircase to the Elven Halls.
 20707 | Orc:2    | Noticed Donald
 20717 | Orc:2    | Killed Donald
 20764 | Orc:2    | Paralysed by an orc sorcerer for 4 turns
 20879 | Orc:2    | Found a gate leading to a gauntlet.
 20892 | Orc:2    | Identified the +1 long sword "Nukaigh" {elec, *Noise Drain
                  | rC+ rN+ Str+4} (Okawaru gifted it to you on level 2 of the
                  | Orcish Mines)
 20892 | Orc:2    | Received a gift from Okawaru
 20915 | Gauntlet | Entered a Gauntlet
 20915 | Gauntlet | Found a transporter.
 20924 | Gauntlet | Found a transporter.
 20932 | Gauntlet | Found a transporter.
 20932 | Gauntlet | Found a transporter.
 20944 | Gauntlet | Reached skill level 18 in Invocations
 20946 | Gauntlet | Identified the ring "Rutul" {Wiz rF+ Int+5}
 20956 | Gauntlet | Found a transporter.
 20973 | Gauntlet | Found a runed translucent door.
 20986 | Gauntlet | Identified the amulet of Otuet {Acrobat Str+6}
 21350 | Orc:2    | Noticed Kazon's ghost (journeyman DrFi)
 21400 | Orc:2    | Found a runed translucent door.
 21506 | Orc:2    | Found Pisuawn's Antique Armour Emporium.
 21512 | Orc:2    | Found Luduu's Antique Weapon Emporium.
 21537 | Orc:2    | Found Leshref's General Store.
 21537 | Orc:2    | Found Geemeife's Jewellery Shoppe.
 21553 | Orc:2    | Bought a potion of heal wounds for 60 gold pieces
 21553 | Orc:2    | Bought a potion of curing for 36 gold pieces
 21776 | Orc:2    | Killed Kazon's ghost
 21815 | Elf:1    | Entered Level 1 of the Elven Halls
 22045 | Elf:1    | Noticed Agnes
 22058 | Elf:1    | Killed Agnes
 22266 | Elf:1    | Received a gift from Okawaru
 22526 | Elf:2    | Found Hiosedoa's Distillery.
 22526 | Elf:2    | Found Zoshugie's Magic Scroll Shoppe.
 22528 | Elf:2    | Found Uddis's Antique Armour Shoppe.
 22529 | Elf:2    | Found Wuev's Magic Scroll Emporium.
 22583 | Elf:2    | Reached skill level 10 in Throwing
 22632 | Elf:1    | Found an ancient bone altar of Kikubaaqudgha.
 22652 | Elf:2    | Found a transporter.
 22664 | Elf:2    | Identified the +4 chain mail "Wyew" {*Slow rN+ Dex+4}
                  | (Okawaru gifted it to you on level 2 of the Elven Halls)
 22664 | Elf:2    | Received a gift from Okawaru
 22701 | Elf:2    | Noticed Ydghunti's ghost (journeyman MiGl)
 22711 | Elf:2    | Found a transporter.
 23046 | Elf:2    | Gained mutation: You are completely covered in yellow
                  | scales. (AC +4, rCorr) [demonic ancestry]
 23046 | Elf:2    | Reached XP level 18. HP: 130/144 MP: 31/31
 23123 | Elf:2    | Found a huge runed translucent gate.
 23125 | Elf:2    | Found a huge runed translucent gate.
 23125 | Elf:2    | Found a huge runed translucent gate.
 23126 | Elf:2    | Found a huge runed translucent gate.
 23126 | Elf:2    | Found a huge runed translucent gate.
 23188 | Abyss:2  | Cast into level 2 of the Abyss (+5 trident of distortion)
 23277 | Abyss:2  | Reached skill level 19 in Invocations
 23359 | Abyss:2  | Noticed a bone dragon
 23405 | Abyss:2  | Noticed a dread lich
 23426 | Abyss:3  | Paralysed by a dread lich for 2 turns
 23435 | Abyss:3  | Killed a dread lich
 23438 | Elf:2    | Escaped the Abyss
 23486 | Elf:2    | Noticed Nikola
 23500 | Elf:2    | Killed Nikola
 23671 | Elf:2    | Identified the +0 scale mail "Poer Jua" {rF- Int+6}
                  | (Okawaru gifted it to you on level 2 of the Elven Halls)
 23671 | Elf:2    | Received a gift from Okawaru
 23835 | Elf:3    | Entered Level 3 of the Elven Halls
 24057 | Elf:3    | Paralysed by an air elemental for 1 turns
 24074 | Elf:3    | Noticed Asterion
 24083 | Elf:3    | Killed Asterion
 24229 | Elf:3    | Noticed Louise
 24245 | Elf:3    | Killed Louise
 24302 | Elf:3    | Found Cel Ymun's Antique Armour Boutique.
 24387 | Elf:3    | Bought the +0 mask of the Dragon {Will+ Slay+3 SInv} for
                  | 1235 gold pieces
 24387 | Elf:3    | Found the +0 mask of the Dragon {Will+ Slay+3 SInv}
 24448 | Elf:3    | Found Ecsiwk's Weapon Shop.
 24724 | Elf:3    | Identified the +3 robe of the Original Sin {Will+}
 24733 | Arena    | Entered the Arena
 24916 | Elf:3    | Identified the +0 pair of gloves of Distant Shores {Harm
                  | rN++}
 24991 | Elf:3    | Received a gift from Okawaru
 25018 | Elf:3    | Identified the +8 flail of Qocw {holy, *Slow rElec Str+6
                  | Int+2}
 25036 | Elf:3    | Identified the +3 quarterstaff of the Vase {venom, rC+}
 25709 | Shoals:1 | Entered Level 1 of the Shoals
 25831 | Shoals:1 | Reached skill level 15 in Evocations
 25831 | Shoals:1 | Reached XP level 19. HP: 146/152 MP: 32/32
 26153 | Shoals:1 | Reached skill level 10 in Shields
 26419 | Shoals:2 | Identified the +4 chain mail of the Enchanted Forest
                  | {*Corrode Dex+6}
 26583 | Shoals:2 | Reached skill level 20 in Invocations
 27709 | Shoals:4 | Entered Level 4 of the Shoals
 27822 | Shoals:4 | Reached skill level 15 in Long Blades
 27826 | Shoals:4 | Reached skill level 10 in Dodging
 27919 | Shoals:4 | Received a gift from Okawaru
 27987 | Shoals:4 | Found a runed translucent door.
 27987 | Shoals:4 | Found a shimmering altar of Xom.
 27989 | Shoals:4 | Noticed stormannn's ghost (adept GnFi)
 28196 | Shoals:4 | Received a gift from Okawaru
 28439 | Shoals:4 | Got a barnacled rune of Zot
 28524 | Shoals:4 | Got Gogief's Precepts of Coordinates
 28600 | Shoals:4 | Identified the ring of Zuegae {rPois rF+ rC- MP+9}
 28879 | D:15     | Entered Level 15 of the Dungeon
 28883 | D:15     | Received a gift from Okawaru
 29009 | D:15     | Received a gift from Okawaru
 29639 | D:15     | Identified Roxanne's Parchment of Spelunking
 29639 | D:15     | Noticed Roxanne
 29654 | D:15     | Killed Roxanne
 29716 | D:15     | Found a staircase to the Depths.
 29729 | D:15     | Gained mutation: You are completely covered in sharp
                  | spines. [demonic ancestry]
 29729 | D:15     | Reached XP level 20. HP: 160/160 MP: 34/34
 29941 | Vaults:1 | Entered Level 1 of the Vaults
 30202 | Vaults:1 | Got Qickeq's Spellbook of Rank Transformation
 30316 | Vaults:1 | Found Quvviufo's Distillery.
 30396 | Vaults:1 | Bought a potion of heal wounds for 60 gold pieces
 30396 | Vaults:1 | Bought a potion of heal wounds for 60 gold pieces
 30398 | Vaults:1 | Gained mutation: You occasionally lose the ability to read
                  | scrolls when taking damage. [potion of mutation]
 30398 | Vaults:1 | Gained mutation: You have a pair of small antennae on your
                  | head. [potion of mutation]
 30399 | Vaults:1 | Lost mutation: You occasionally lose the ability to read
                  | scrolls when taking damage. [potion of mutation]
 30399 | Vaults:1 | Lost mutation: You have a pair of small antennae on your
                  | head. [potion of mutation]
 30399 | Vaults:1 | Gained mutation: Armour fits poorly on your strangely
                  | shaped body. [potion of mutation]
 30399 | Vaults:1 | Gained mutation: You occasionally shout uncontrollably at
                  | your foes. [potion of mutation]
 30399 | Vaults:1 | Gained mutation: You are partially covered in large bone
                  | plates. (SH +4) [potion of mutation]
 30400 | Vaults:1 | Lost mutation: You are partially covered in large bone
                  | plates. (SH +4) [potion of mutation]
 30400 | Vaults:1 | Lost mutation: You occasionally shout uncontrollably at
                  | your foes. [potion of mutation]
 30400 | Vaults:1 | Gained mutation: You are somewhat resistant to further
                  | mutation. [potion of mutation]
 30489 | Vaults:1 | Reached skill level 21 in Invocations
 30945 | Vaults:1 | Received a gift from Okawaru
 31189 | Vaults:2 | You are sucked into a shaft and drop 1 floor!
 31224 | Vaults:3 | Received a gift from Okawaru
 31309 | Vaults:3 | Identified the +0 helmet of Saadutol {Will+}
 31434 | Vaults:3 | Found a crumbling gateway.
 31476 | Desolati | Entered the Desolation of Salt
 31536 | Desolati | Identified the +8 arbalest "Luefib" {freeze, Will+ Stlth+}
 31579 | Desolati | Got the Papyrus of the Nine Artisans
 31580 | Desolati | Identified the +3 leather armour of Hionoo {Int+3}
 31609 | Desolati | Found the +7 captain's cutlass {speed, disarm}
 31623 | Desolati | Identified the +4 ring mail of the Ferocious God {Str+2
                  | Stlth+} (Okawaru gifted it to you in the Desolation of
                  | Salt)
 31623 | Desolati | Received a gift from Okawaru
 31660 | Desolati | Got the Teachings on Unified Reformation
 31671 | Desolati | Got the Guidebook on Bewitching Conflict
 31674 | Desolati | Identified the +8 shadow dragon scales of the Dungeon {Harm
                  | +Inv rElec Will- Stlth++++}
 31861 | Desolati | Identified the ring "Xacius" {rPois rC+ Will+ Stlth-}
 31899 | Desolati | Identified the +2 leather armour of Vlad {Contam rElec
                  | Int+2 Slay+5}
 32019 | Desolati | Gained mutation: You have claws for hands. [demonic
                  | ancestry]
 32019 | Desolati | Reached XP level 21. HP: 167/167 MP: 35/35
 32023 | Desolati | Reached skill level 15 in Fighting
 32621 | Vaults:3 | Found Ithruantu's Weapon Emporium.
 32844 | Vaults:2 | Mangled by an orc warlord

Illustrated notes

Levels and vault maps discovered:
D:1:      dpeg_arrival_three_smaller_balls, layout_basic
D:2:      layout_loops_ring
D:3:      layout_basic, serial_shops, nicolae_shop_stone, st_stairs_9,
          minmay_misc_feat_doors, eino_curves_03, uniq_robin
D:4:      minmay_wonky_spiral, layout_basic,
          mainiacjoe_overflow_surrounded_room, minivault_5
D:5:      layout_cave_pods, uniq_menkaure, uniq_eustachio
D:6:      cheibrodos_barr_body, layout_basic, minmay_crystal_room,
          minmay_pentangle, uniq_maggie, uniq_edmund
D:7:      layout_cave_pools, nicolae_uskayaw_murder_on_the_dancefloor,
          elyvilon_altar_4, minmay_temple_entry_purple_smoke
D:8:      layout_basic, serial_shops, shop_statue, kennysheep_little_box, shop,
          nicolae_shop_window_shopping
D:9:      layout_cave_pools, uniq_prince_ribbit1
D:10:     layout_stronghold, erik_lair_island, serial_shops,
          nicolae_shop_statue_plus, uniq_erolcha
D:11:     layout_roguey
D:12:     layout_loops_ring, orc_0_dummy, chequers_serial_rivers_marsh,
          uniq_lodul, uniq_nessos, uniq_rupert
D:13:     layout_gridville, david_vaults_5, serial_shops,
          nicolae_shop_behind_doors, minmay_fractal_squares_gapless_5,
          uniq_azrael
D:14:     layout_roguey, minmay_misc_feat_secret_circle, gammafunk_ghost_split,
          portal_ice_cave_entry_ice_simulacra, uniq_snorg
D:15:     hangedman_depths_entry_try_elsewhere_first, layout_loops_corners,
          uniq_roxanne
Temple:   nicolae_temple_bog_church
Lair:1:   layout_long_grid, fungi_pond_lemuel, cheibrodos_lair_reptile_den
Lair:2:   layout_gridlike, uniq_fannar
Lair:3:   layout_roguey, minmay_shoals_entry_hut,
          nicolae_spider_entry_non_spiders, basic_altar, serial_bayou_crossing
Lair:4:   layout_gridlike, slime_entry_1, serial_rivers,
          chequers_serial_rivers_room_a, chequers_serial_rivers_micro_c,
          chequers_serial_rivers_room_a, chequers_serial_rivers_micro_e,
          minivault_27, grunt_megastairs_3, infiniplex_staircase_pool_2
Lair:5:   evilmike_catoblepas_cave, layout_long_grid
Shoals:1: layout_shoals, nicolae_shoals_lost_giant_pillars
Shoals:2: layout_shoals
Shoals:3: layout_shoals
Shoals:4: shoals_end_simple, layout_shoals, ebering_ghost_xom
Spider:1: layout_chambers, nicolae_spider_undead_wolf_pack
Spider:2: layout_cave_pods
Spider:3: layout_spider_delve
Spider:4: floodkiller_spider_rune_tomb, special_room [special_room_bee],
          uniq_mara
Orc:1:    layout_caves, basic_altar, uniq_urug
Orc:2:    st_orc_congregation, layout_caves, gauntlet_entry_generic,
          hellmonk_ghost_happy_afterlife, uniq_donald
Elf:1:    layout_gridlike, minmay_elf_demonology, lemuel_upstairs_altar,
          uniq_agnes
Elf:2:    elven_hall_of_blades_hangedman_alternative
          [nicolae_blade_entry_diamond_columns], layout_geoelf_diagonals,
          gammafunk_ghost_arena, minmay_shoptagon, uniq_nikola
Elf:3:    elf_hall_gauntlet_narrow, layout_gridlike, serial_shops,
          nicolae_shop_overgrown_old_shop, nicolae_shop_advertising_works
          [nicolae_subvault_shop_adworks], uniq_louise, uniq_asterion
Vaults:1: nicolae_vaults_little_squares_1, v_misc_5, hangedman_vaults_stitches,
          hangedman_vaults_cutoff, grunt_vaults_trifunnel, v_misc_19,
          nicolae_vaults_three_branches, vaults_room_pool,
          vaults_room_door_hall, nicolae_vaults_little_ls,
          nicolae_vaults_rhombus_7, layout_vaults_omnicross, serial_shops, shop
Vaults:2: advil_vaults_ghost_guards, gammafunk_sealed_arena,
          hangedman_vaults_snaps, vaults_room_semicircle,
          hangedman_vaults_slither, v_alt_pattern_4, v_alt_pattern_3,
          hangedman_vaults_cutoff, vaults_mumra_lcd, nicolae_vaults_rhombus_6,
          ontoclasm_vaults_spin, grunt_vaults_focal, layout_vaults_ring,
          serial_shops, shop_statue
Vaults:3: portal_desolation_entry_holy_temple, vaults_room_grunt_arrival_ludios,
          minmay_crypt_entry_simple_walls, nicolae_vaults_little_squares_2,
          vaults_room_ringed_pool, hangedman_vaults_pinch, vaults_dpeg_ring,
          nicolae_vaults_circle_grid_b, nicolae_vaults_sealed_display,
          v_pattern_5, layout_vaults_big_room, serial_shops,
          nicolae_square_shop, nicolae_shop_statue_plus, shop, shop_coins

Skill      XL: |  1  2  3  4  5  6  7  8  9 10 11 12 13 14 15 16 17 18 19 20 21 |
---------------+----------------------------------------------------------------+-----
Long Blades    | 2 3 5 6 7 8 9 11 12 13 14 15 | 15.7
Armour         | 3 5 6 7 8 |  8.8
Shields        | 3 4 5 6 7 8 9 10 11 | 11.5
Stealth        | 1 4 5 6 7 8 9 |  9.2
Fighting       | 5 6 7 8 9 11 12 13 14 15 | 15.0
Short Blades   | 3 4 5 6 7 |  7.0
Throwing       | 3 4 5 6 7 8 9 10 11 12 | 12.7
Dodging        | 3 4 5 6 7 8 10 12 | 12.6
Evocations     | 1 3 4 6 7 8 9 10 11 13 15 16 17 | 17.6
Invocations    | 1 3 5 7 9 10 12 14 17 18 19 20 21 | 21.6

Action                   |  1- 3 |  4- 6 |  7- 9 | 10-12 | 13-15 | 16-18 | 19-21 || total
-------------------------+-------+-------+-------+-------+-------+-------+-------++-------
Melee: Long sword        |    49 |       |       |    72 |       |       |       ||   121
       Dagger            |    10 |    73 |   115 |   106 |    63 |    97 |    68 ||   532
       Falchion          |       |       |   135 |   295 |   119 |     1 |       ||   550
       Double sword      |       |       |       |    75 |   638 |   377 |   147 ||  1237
       Demon blade       |       |       |       |       |       |   563 |   490 ||  1053
       Cutlass           |       |       |       |       |       |       |   238 ||   238
Throw: Stone             |     3 |    22 |    30 |    72 |       |       |       ||   127
       Boomerang         |       |     7 |       |    42 |    61 |   380 |   252 ||   742
       Dart              |       |       |       |    40 |   141 |    65 |    18 ||   264
       Javelin           |       |       |       |       |     3 |    23 |    36 ||    62
Invok: Heroism           |       |       |       |     6 |     4 |     7 |     5 ||    22
       Duel              |       |       |       |       |       |     1 |       ||     1
Evoke: Wand              |       |       |     2 |    17 |    12 |    38 |    21 ||    90
       Lightning rod     |       |       |       |       |     7 |     7 |     4 ||    18
       Phial of floods   |       |       |       |       |       |     4 |     1 ||     5
       Condenser vane    |       |       |       |       |       |     1 |     1 ||     2
       Tin of tremorston |       |       |       |       |       |     1 |     5 ||     6
  Use: Scroll            |     1 |       |     6 |     3 |    10 |    12 |     5 ||    37
       Potion            |       |     1 |     3 |       |       |       |     7 ||    11
 Stab: Sleeping          |       |       |     7 |    10 |     9 |    35 |    34 ||    95
       Paralysed         |       |       |       |     4 |    12 |     3 |     3 ||    22
       Distracted        |       |       |       |     1 |     1 |     1 |     2 ||     5
       Petrified         |       |       |       |     1 |       |       |       ||     1
       Invisible         |       |       |       |       |     1 |     1 |     2 ||     4
       Petrifying        |       |       |       |       |     1 |       |       ||     1
       Held in net/web   |       |       |       |       |       |     2 |       ||     2
Armor: Scale mail        |    25 |    21 |    31 |       |       |   177 |   235 ||   489
       Leather armour    |       |       |    47 |    83 |       |       |       ||   130
       Troll leather arm |       |       |       |    48 |   242 |   122 |       ||   412
Dodge: Dodged            |    24 |    21 |   123 |   191 |   426 |   506 |   494 ||  1785
Block: Buckler           |     9 |    10 |    66 |   126 |   342 |   307 |       ||   860
       Kite shield       |       |       |       |       |       |   206 |   667 ||   873
       Reflection        |       |       |       |       |       |    18 |    50 ||    68
